 Dungeon Crawl Stone Soup version 0.22-a0-558-gc224181 (webtiles) character file.

84 kae the Insei (level 4, 0/33 HPs)
             Began as a Demonspawn Transmuter on June 26, 2018.
             Succumbed to a kobold's poison
             ... on level 3 of the Dungeon.
             The game lasted 00:02:07 (2168 turns).

kae the Insei (Demonspawn Transmuter)               Turns: 2168, Time: 00:02:08

Health: 0/33       AC:  2    Str: 10    XL:     4   Next: 23%
Magic:  3/7        EV: 12    Int: 15    God:
Gold:   103        SH:  0    Dex: 14    Spells: 1/7 levels left

rFire    . . .     SeeInvis .     - Unarmed
rCold    . . .     Gourm    .   (no shield)
rNeg     . . .     Faith    .   b - +0 robe
rPois    .         Spirit   +   (helmet restricted)
rElec    .         Reflect  .   i - scarf {repulsion}
rCorr    .         Harm     .   (no gloves)
MR       .....                  (no boots)
Stlth    +.........             l - amulet of magic regeneration
HPRegen  0.11/turn              (no ring)
MPRegen  0.35/turn              (no ring)

@: lethally poisoned (0 -> -44), very slightly contaminated, repel missiles
A: horns 1, powered by pain 1, magic shield
a: no special abilities


You were on level 3 of the Dungeon.
You were not hungry.

You visited 1 branch of the dungeon, and saw 3 of its levels.

You collected 103 gold pieces.

Inventory:

Missiles
 a - 7 arrows
Armour
 b - a +0 robe (worn)
 i - a scarf of repulsion (worn)
 j - a +0 helmet
Jewellery
 l - an amulet of magic regeneration (around neck)
Scrolls
 c - a scroll of remove curse
 g - a scroll of identify
 k - a scroll of enchant weapon {unknown}
Potions
 e - 2 potions of haste
 f - 2 potions of agility
 h - 4 potions of curing {unknown}
 m - a potion of cancellation {unknown}
 n - a potion of resistance {unknown}
Comestibles
 d - 2 rations


   Skills:
 + Level 1.8 Fighting
 - Level 1.7 Dodging
 * Level 3.4 Unarmed Combat
 + Level 2.4 Spellcasting
 * Level 2.7 Transmutations


You had one spell level left.
You knew the following spells:

 Your Spells              Type           Power        Failure   Level  Hunger
a - Beastly Appendage     Tmut           ##....       7%          1    #......
b - Sticks to Snakes      Tmut           ##......     11%         2    ###....
c - Spider Form           Tmut/Pois      #.........   36%         3    ###....

Your spell library contained the following spells:

 Spells                   Type           Power        Failure   Level  Hunger
 Apportation              Tloc           #.....       22%         1    #......
 Summon Small Mammal      Summ           #...         22%         1    #......
 Animate Skeleton         Necr           N/A          22%         1    #......
 Blade Hands              Tmut           ##........   88%         5    ######.
 Ice Form                 Ice/Tmut       #.......     77%         4    #####..
 Confusing Touch          Hex            #.....       22%         1    #......


Dungeon Overview and Level Annotations

Branches:
Dungeon (3/15)

Altars:
Cheibriados
Kikubaaqudgha
Ru


Innate Abilities, Weirdness & Mutations

You have a pair of small horns on your head.
You sometimes gain a little power by taking damage.
When hurt, damage is shared between your health and your magic reserves.


Message History

The kobold hits you with a short sword of venom.
You are more poisoned.
Your ball python barely misses the kobold.
Your ball python grabs the kobold.
Your ball python constricts the kobold.
You hit the kobold.
The kobold is heavily wounded.
* * * LOW HITPOINT WARNING * * *
You feel sick.
The kobold hits you with a short sword of venom.
* * * LOW HITPOINT WARNING * * *
You are more poisoned.
Your ball python bites the kobold but does no damage.
Your ball python constricts the kobold.
You hit the kobold but do no damage.
The kobold is heavily wounded.
* * * LOW HITPOINT WARNING * * *
You feel very sick. The kobold barely misses you.
Your ball python bites the kobold.
Your ball python constricts the kobold.
You die...

.#.###. ..).... #.# #..
+#######+ #.###.^
#...#...# ######......
#...#.r.# #......###.. #..
#..K....# #.####.###.. #.#
###S_.### #.# #.##.#.
#.###..(.@..###.####.#.###
#.#.#...#...#.#..##...#.#.
#.#.#)..#...#.##.##...##..
#.#.'#######+.........###.
#.#....# #.....#.###.## #.
#.#.##.####.####.###.####.
#..)..........##..>....<..
######.##.###.........###.
##....###........ #.


You could see a quokka (paralysed), a kobold and a friendly ball python.

Vanquished Creatures
  An orc wizard (D:3)
  An adder (D:2)
  A dart slug (D:3)
  2 leopard geckos
  A giant cockroach (D:3)
  7 goblins
  6 hobgoblins
  2 jackals (D:1)
  4 kobolds
  A quokka (D:3)
  2 ball pythons (D:1)
  7 bats
  3 frilled lizards (D:1)
  5 rats
43 creatures vanquished.

Vanquished Creatures (collateral kills)
  A dart slug (D:1)
  A kobold (D:1)
  A rat (D:1)
3 creatures vanquished.

Grand Total: 46 creatures vanquished

Notes
Turn   | Place    | Note
-------+----------+-------------------------------------------
     0 | D:1      | kae the Demonspawn Transmuter began the quest for the Orb.
     0 | D:1      | Reached XP level 1. HP: 15/15 MP: 3/3
   362 | D:1      | Gained mutation: When hurt, damage is shared between your health and your magic reserves. [demonic ancestry]
   362 | D:1      | Reached XP level 2. HP: 21/21 MP: 3/5
   367 | D:1      | Learned a level 2 spell: Sticks to Snakes
   444 | D:1      | Reached skill level 3 in Unarmed Combat
   925 | D:1      | Gained mutation: You sometimes gain a little power by taking damage. [demonic ancestry]
   925 | D:1      | Reached XP level 3. HP: 25/26 MP: 3/6
  1497 | D:2      | Learned a level 3 spell: Spider Form
  1580 | D:2      | Found an ancient bone altar of Kikubaaqudgha.
  1619 | D:2      | Found a snail-covered altar of Cheibriados.
  2099 | D:3      | Found a sacrificial altar of Ru.
  2141 | D:3      | Gained mutation: You have a pair of small horns on your head. [demonic ancestry]
  2141 | D:3      | Reached XP level 4. HP: 27/33 MP: 2/7
  2168 | D:3      | Succumbed to a kobold's poison

Vault maps used:
D:1:      dpeg_arrival_radiant
D:2:      lemuel_coloured_pillars_altar, cheibriados_altar_1, first_ration
D:3:      nicolae_ru_great_annihilating_truth, nicolae_tso_swordbearing_angel

Skill      XL: |  1  2 |
---------------+-------+-----
Transmutations | 2 |  2.7
Unarmed Combat | 3 |  3.4
Fighting       | |  1.8
Dodging        | |  1.7
Spellcasting   | |  2.4

Action                   |  1- 3 |  4- 6 || total
-------------------------+-------+-------++-------
Melee: Unarmed           |   136 |     7 ||   143
       Headbutt          |     6 |     1 ||     7
       Kick              |     4 |       ||     4
       Punch             |     2 |     1 ||     3
 Cast: Beastly Appendage |    14 |       ||    14
       Sticks to Snakes  |     4 |     1 ||     5
       Spider Form       |     1 |       ||     1
  Use: Scroll            |     7 |       ||     7
 Stab: Distracted        |     1 |       ||     1
  Eat: Chunk             |     5 |       ||     5
Armor: Robe              |    24 |     1 ||    25
       Skin              |     1 |       ||     1
Dodge: Dodged            |    92 |     3 ||    95
       Deflected         |       |     1 ||     1

Table legend:
 A = Spawn XP
 B = Non-spawn XP
 C = Spawn XP percentage of total XP
 D = Spawn monster count
 E = Non-spawn monster count
 F = Spawn count percentage of total count
 G = Total turns spent on level
                    A         B        C        D         E        F      G
               +---------+---------+-------+---------+---------+-------+---------
         Total |       0 |     120 |   0.0 |       0 |      46 |   0.0 |  2168
               +---------+---------+-------+---------+---------+-------+---------
           D:1 |       0 |      45 |   0.0 |       0 |      28 |   0.0 |  1134
           D:2 |       0 |      28 |   0.0 |       0 |      11 |   0.0 |   730
           D:3 |       0 |      47 |   0.0 |       0 |       7 |   0.0 |   304
               +---------+---------+-------+---------+---------+-------+---------
